 Dungeon Crawl Stone Soup version 0.30-a0-4-ga7cffc901d (webtiles) character file.

Game seed: 17643931665873595326

174 jfcaron the Trooper (level 5, 0/48 HPs)
             Began as a Hill Orc Delver on Aug 22, 2022.
             Slain by an ogre
             ... wielding a +0 giant club
              (27 damage)
             ... on level 4 of the Dungeon.
             The game lasted 00:09:04 (3328 turns).

jfcaron the Trooper (Hill Orc Delver)               Turns: 3328, Time: 00:09:04

Health: 0/48       AC:  8    Str: 17    XL:     5   Next: 54%
Magic:  5/5        EV: 10    Int: 10    God:
Gold:   155        SH:  0    Dex: 12    Spells: 4/4 levels left

rFire   . . .      SeeInvis .    h - +1 whip (venom)
rCold   . . .      Faith    .    (no shield)
rNeg    . . .      Spirit   .    j - +0 scale mail
rPois   .          Reflect  .    z - +1 hat
rElec   .          Harm     .    y - +0 cloak
rCorr   .          Rampage  .    (no gloves)
Will    .....                    (no boots)
Stlth   +.........               (no amulet)
HPRegen 0.16/turn                (no ring)
MPRegen 0.09/turn                (no ring)

@: no status effects
A: no striking features
a: no special abilities


You were on level 4 of the Dungeon.
You visited 1 branch of the dungeon, and saw 5 of its levels.

You collected 155 gold pieces.

Inventory:

Hand Weapons
 a - a +0 hand axe
 h - a +1 whip of venom (weapon)
 i - a +0 vampiric short sword
 l - a +2 dagger of speed
Armour
 b - a +0 leather armour
 j - a +0 scale mail (worn)
 y - a +0 cloak (worn)
 z - a +1 hat (worn)
Magical Staves
 A - a staff of fire
Wands
 g - a wand of mindburst (12)
Scrolls
 c - 2 scrolls of fog
 d - 2 scrolls of magic mapping
 e - 2 scrolls of fear
 k - 2 scrolls of noise {unknown}
 n - a scroll of immolation {unknown}
 p - a scroll of silence {unknown}
 q - 2 scrolls of identify {unknown}
 r - a scroll of enchant weapon {unknown}
 v - a scroll of acquirement {unknown}
 x - a scroll of blinking {unknown}
 B - a scroll of teleportation {unknown}
 D - a scroll of summoning {unknown}
Potions
 f - a potion of haste
 s - a potion of curing {unknown}
 t - a potion of heal wounds {unknown}
 u - 2 potions of flight {unknown}
 w - a potion of magic
 C - a potion of lignification {unknown}


   Skills:
 + Level 5.2 Fighting
 + Level 4.8 Axes
 + Level 2.8 Armour
 - Level 1.5 Dodging
 - Level 4.1 Stealth


You had 4 spell levels left.
You didn't know any spells.
Your spell library contained the following spells:

 Spells                   Type           Power      Damage    Failure   Level
 Ensorcelled Hibernation  Hex/Ice        0%         N/A       88%         2
 Passwall                 Tmut/Erth      0%         N/A       88%         2
 Swiftness                Air            0%         N/A       98%         3


Dungeon Overview and Level Annotations

Branches:
Dungeon (5/15)
 Temple: D:4-7

Altars:


Message History

The dart slug is lightly wounded.
You kill the dart slug!
No target in view!
No target in view!
No target in view!
No target in view!
No target in view!
No target in view!
No target in view!
No target in view!
No target in view!
o - a poisoned dart
o - 2 poisoned darts (gained 1)
A kobold comes into view. It is wielding a +0 dagger.
The kobold shouts!
You throw a poisoned dart.
The poisoned dart closely misses the kobold.
You throw a poisoned dart. The poisoned dart hits the kobold.
The kobold is poisoned.
An ogre comes into view. It is wielding a +0 giant club.
The kobold throws a stone.
The stone barely misses you.
You kill the kobold!
You closely miss the ogre. The ogre closely misses you.
You hit the ogre but do no damage.
The ogre is poisoned.
You hit the ogre but do no damage.
The ogre looks as sick as possible!
The ogre is lightly wounded.
The ogre barely misses you.
You hit the ogre.
The ogre looks as sick as possible!
The ogre is moderately wounded.
The ogre hits you with a +0 giant club!
You barely miss the ogre.
The ogre is moderately wounded.
You hit the ogre.
The ogre looks as sick as possible!
The ogre is heavily wounded.
The ogre hits you with a +0 giant club!
You hit the ogre but do no damage.
The ogre is heavily wounded.
The ogre hits you with a +0 giant club!!
Ouch! That really hurt!
You die...

####>#.#.####.#
.......#......#
####.#############
####.............###
...................#
################.#.#
#.# # #.#
############ #@#
#..........# #O#
#..........#####(#
#..........'..##.#
#..........##.##(#
#..........##.##.#
#..........##.#..#
#.###########.#.##
#.# #.#


You could see an ogre (extremely poisoned).

Vanquished Creatures
  A necrophage (D:4)
  4 adders
  2 worms (D:3)
  4 dart slugs
  3 orcs (D:3)
  4 endoplasms
  3 giant cockroaches
  5 goblins
  2 hobgoblins (D:1)
  2 jackals (D:2)
  8 kobolds
  4 quokkas
  10 ball pythons
  5 bats
  A frilled lizard (D:3)
  7 rats
65 creatures vanquished.

Notes
Turn   | Place    | Note
-------+----------+-------------------------------------------
     0 | D:5      | jfcaron the Hill Orc Delver began the quest for the Orb.
     0 | D:5      | Reached XP level 1. HP: 19/19 MP: 1/1
     2 | D:5      | Noticed an orc priest
   280 | D:3      | Reached skill level 4 in Fighting
   280 | D:3      | Reached XP level 2. HP: 27/27 MP: 2/2
   758 | D:3      | Reached skill level 1 in Armour
   758 | D:3      | Reached XP level 3. HP: 25/33 MP: 3/3
  1542 | D:1      | Reached XP level 4. HP: 41/41 MP: 4/4
  1652 | D:1      | Found a faded altar of an unknown god.
  2580 | D:2      | You fall into a shaft and drop 2 floors!
  3101 | D:4      | Noticed a necrophage
  3118 | D:4      | Killed a necrophage
  3119 | D:4      | Reached skill level 5 in Fighting
  3119 | D:4      | Reached XP level 5. HP: 31/48 MP: 5/5
  3318 | D:4      | Noticed an ogre
  3328 | D:4      | Slain by an ogre

Illustrated notes

Levels and vault maps discovered:
D:1:      dpeg_arrival_fog, layout_basic, shapermc_ecumenical_altar_flowoftime
D:2:      layout_basic, st_stairs_2
D:3:      minmay_chambers_of_threes, layout_loops_ring,
          lemuel_zombie_altar_yredelemnul, old_standard_altar
D:4:      layout_basic, corexii_leaking_fountain
D:5:      layout_cave_pods, mainiacjoe_overflow_surrounded_room,
          minmay_misc_feat_pillars

Skill      XL: |  1  2  3  4 |
---------------+-------------+-----
Axes           | 3 4 |  4.8
Fighting       | 4 5 |  5.2
Armour         | 1 2 |  2.8
Dodging        | |  1.5
Stealth        | |  4.1

Action                   |  1- 3 |  4- 6 || total
-------------------------+-------+-------++-------
Melee: Hand axe          |   110 |       ||   110
       Punch             |     2 |     2 ||     4
       Whip              |     1 |   109 ||   110
Throw: Dart              |    10 |    14 ||    24
       Stone             |    23 |    42 ||    65
Evoke: Wand              |       |     3 ||     3
  Use: Potion            |     1 |       ||     1
 Stab: Sleeping          |     2 |       ||     2
Armor: Leather armour    |     2 |       ||     2
       Scale mail        |    28 |    47 ||    75
Dodge: Dodged            |    37 |    49 ||    86

Table legend: (Time is in decaauts)
 A = Elapsed time spent in this place.
 B = Non-inter-level travel time spent in this place.
 C = Inter-level travel time spent in this place.
 D = Time resting spent in this place.
 E = Time spent auto-exploring this place.
 F = Levels seen in this place.
 G = Mean time per level.
                   A        B        C        D        E       F      G
               +--------+--------+--------+--------+--------+-----+--------+
         Total |   3346 |   3222 |    124 |    711 |   1733 |   5 |  669.2 |
       Dungeon |   3346 |   3222 |    124 |    711 |   1733 |   5 |  669.2 |
               +--------+--------+--------+--------+--------+-----+--------+

Top non-repeatable levels by time:
     D:1: 980 daAuts
     D:4: 934 daAuts
     D:3: 886 daAuts
     D:2: 455 daAuts
     D:5: 89 daAuts
